AoeStats
← djcybermyth

Fortress

507868656Analyzed
3v3 RM · 11d ago on Sep 20, 2026· 37m 26s· 6 players
Game mode
Random Map
Map size
Large (8 player)
Population
200
Speed
Normal
Resources
Standard
Victory
Conquest
Starting age
Dark Age
Ending age
Imperial Age
RankedLock teamsTeams togetherTeam positionsShared explorationLock speedFull tech treeHidden civsTurbo modeCheats
Victory
Defeat
🇺🇸 Turks · United States
809
+19
🇺🇸 Wei · United States
790
+19
🇺🇸 Wu · United States
774
+20
🇹🇼 Turks · Taiwan
906
-21
🇺🇸 Bulgarians · United States
852
-19
🇨🇦 Bohemians · Canada
843
-18
Capcoconut
0:41 Loom
2:41 Loom
8:38 Feudal Age
9:54 Loom
11:25 Double-Bit Axe
12:19 Wheelbarrow
18:59 Fletching
19:10 Padded Archer Armor
19:20 Arson
20:15 Forging
20:06 Scale Mail Armor
20:12 Scale Barding Armor
21:58 Bloodlines
25:20 Castle Age
26:00 Bodkin Arrow
26:53 Iron Casting
26:23 Stirrups
28:44 Thumb Ring
28:01 Elite Skirmisher
30:16 Squires
33:07 Leather Archer Armor
safety first
2:43 Loom
12:25 Feudal Age
13:06 Horse Collar
13:15 Double-Bit Axe
16:24 Wheelbarrow
18:43 Castle Age
18:04 Arson
19:59 Bow Saw
19:30 Pikeman
21:07 Heavy Plow
26:55 Imperial Age
25:25 Town Watch
27:38 Hand Cart
27:39 Fletching
27:55 Squires
28:45 Conscription
32:23 Chemistry
32:54 Bodkin Arrow
34:02 Murder Holes
34:07 Treadmill Crane
英京塚大
6:58 Loom
8:45 Feudal Age
10:37 Double-Bit Axe
14:19 Castle Age
18:31 Imperial Age
19:02 Town Watch
20:29 Bow Saw
24:43 Fletching
joshua.reynolds
9:17 Feudal Age
11:29 Double-Bit Axe
13:59 Castle Age
12:40 Horse Collar
13:22 Gold Mining
14:17 Wheelbarrow
13:53 Scale Barding Armor
14:45 Heavy Plow
15:36 Bow Saw
16:01 Husbandry
16:26 Stone Mining
18:00 Loom
18:31 Hand Cart
24:12 Chain Barding Armor
27:11 Imperial Age
25:01 Forging
26:02 Chain Barding Armor
27:20 Iron Casting
28:33 Conscription
29:29 Blast Furnace
28:33 Tuntian
31:25 Ming Guang Armor
34:23 Bloodlines
35:38 Gold Shaft Mining
36:04 Elite Tiger Cavalry
LeeroyJenkins
9:09 Feudal Age
12:57 Castle Age
12:35 Gold Mining
12:33 Double-Bit Axe
16:26 Loom
22:48 Bloodlines
22:39 Husbandry
26:29 Horse Collar
27:00 Scale Barding Armor
27:06 Forging
29:43 Wheelbarrow
33:10 Imperial Age
33:17 Imperial Age
31:06 Hand Cart
djcybermyth
6:33 Loom
8:19 Feudal Age
10:07 Double-Bit Axe
13:12 Castle Age
11:37 Scale Mail Armor
11:33 Fletching
11:25 Man-at-Arms
11:51 Arson
13:06 Forging
13:19 Long Swordsman
13:58 Bodkin Arrow
14:08 Horse Collar
14:32 Town Watch
17:35 Squires
18:16 Padded Archer Armor
18:37 Chain Mail Armor
25:35 Wheelbarrow
25:03 Padded Archer Armor
25:51 Iron Casting
25:47 Red Cliffs Tactics
34:46 Bloodlines
36:36 Hand Cart
39:47 Imperial Age
Connection lost

Rejoining the realm…

Still unreachable

The connection could not be restored.

Session expired

The server has moved on; the page needs a fresh start.